AoeStats
← andrew

Arabia

508492290Analyzed
1v1 RM · 9d ago on Sep 22, 2026· 63m 32s· 2 players
Game mode
Random Map
Map size
Tiny (2 player)
Population
200
Speed
Normal
Resources
Standard
Victory
Conquest
Starting age
Dark Age
Ending age
Imperial Age
RankedLock teamsTeams togetherTeam positionsShared explorationLock speedFull tech treeHidden civsTurbo modeCheats
Victory
Defeat
🇨🇦 Goths · Canada
1313
+17
🇺🇸 Persians · United States
1325
-17
andrew
4:10 Loom
9:46 Feudal Age
9:52 Man-at-Arms
12:43 Double-Bit Axe
13:36 Wheelbarrow
21:29 Castle Age
20:16 Stone Mining
20:44 Gold Mining
20:39 Horse Collar
21:04 Scale Mail Armor
23:34 Bow Saw
23:31 Squires
23:48 Chain Mail Armor
26:07 Forging
27:07 Town Watch
29:26 Iron Casting
29:43 Pikeman
31:11 Fletching
36:15 Imperial Age
37:30 Halberdier
41:52 Conscription
44:22 Padded Archer Armor
44:18 Bodkin Arrow
45:24 Blast Furnace
45:54 Leather Archer Armor
45:40 Bracer
45:28 Elite Skirmisher
47:39 Ring Archer Armor
49:07 Chemistry
49:31 Ballistics
49:33 Hand Cart
52:18 Elite Huskarl
nprhino_aoe
6:07 Loom
7:08 Loom
9:19 Feudal Age
9:35 Man-at-Arms
14:36 Fletching
17:21 Double-Bit Axe
17:21 Horse Collar
21:41 Castle Age
20:13 Scale Barding Armor
20:14 Gold Mining
21:14 Bloodlines
22:09 Forging
24:11 Iron Casting
23:45 Husbandry
23:57 Bodkin Arrow
28:19 Chain Barding Armor
31:54 Wheelbarrow
31:36 Bow Saw
31:28 Heavy Plow
31:26 Stone Mining
34:30 Hand Cart
34:01 Town Watch
36:28 Padded Archer Armor
39:00 Imperial Age
40:20 Chemistry
41:19 Conscription
45:15 Light Cavalry
49:08 Plate Barding Armor
49:03 Cavalier
51:00 Iron Casting
55:07 Leather Archer Armor
55:23 Murder Holes
61:41 Hussar
Connection lost

Rejoining the realm…

Still unreachable

The connection could not be restored.

Session expired

The server has moved on; the page needs a fresh start.